 Dungeon Crawl Stone Soup version 0.30-a0-458-g86641cc369 (webtiles) character file.

Game seed: 7530470796225668978

30 flotson the Sneak (level 3, 0/29 HPs)
             Began as a Demonspawn Delver on Dec 14, 2022.
             Slain by an orc
             ... wielding a +0 hand axe
              (4 damage)
             ... on level 4 of the Dungeon.
             The game lasted 00:01:01 (129 turns).

flotson the Sneak (Demonspawn Delver)                Turns: 129, Time: 00:01:02

Health: 0/29       AC:  3    Str: 14    XL:     3   Next: 5%
Magic:  3/3        EV: 12    Int: 11    God:
Gold:   0          SH:  0    Dex: 14    Spells: 2/2 levels left

rFire   . . .      SeeInvis .    a - +0 hand axe
rCold   . . .      Faith    .    (no shield)
rNeg    . . .      Spirit   .    b - +0 leather armour
rPois   .          Reflect  .    (no helmet)
rElec   .          Harm     .    (no cloak)
rCorr   .          Rampage  .    (no gloves)
Will    .....                    (no boots)
Stlth   +++.......               (no amulet)
HPRegen 0.24/turn                (no ring)
MPRegen 0.08/turn                (no ring)

@: no status effects
A: demonic touch 1
a: no special abilities


You were on level 4 of the Dungeon.
You visited 1 branch of the dungeon, and saw 2 of its levels.

Inventory:

Hand Weapons
 a - a +0 hand axe (weapon)
Armour
 b - a +0 leather armour (worn)
Wands
 g - a wand of digging (2)
Scrolls
 c - a scroll of fog
Potions
 f - a potion of lignification {unknown}


   Skills:
 + Level 3.2 Fighting
 - Level 1.7 Axes
 + Level 0.8 Armour
 + Level 2.1 Dodging
 + Level 4.7 Stealth
 + Level 1.0 Evocations


You had 2 spell levels left.
You didn't know any spells.
Your spell library was empty.

Dungeon Overview and Level Annotations

Branches:
Dungeon (5/15)
 Temple: D:4-7

Altars:
Trog


Innate Abilities, Weirdness & Mutations

Your touch may inflict minor irresistible damage on your foes.


Message History

You feel less confused. The orc attacks as you move away!
The orc closely misses you. The orc attacks as you move away!
The orc hits you but does no damage. The orc hits you with a +0 hand axe.
Okay, then.
Okay, then.
The orc attacks as you move away! The orc misses you.
The white imp shouts!
Found a flail.
The white imp gestures at you. The puff of frost hits you.
The black bear bites you. The black bear misses you.
The black bear closely misses you.
The black bear attacks as you move away!
The black bear bites you.
The black bear claws you but does no damage. x2
The hound closely misses you. The hound barely misses you.
The orc attacks as you move away! The orc barely misses you.
Found a black potion.
Found a stone staircase leading up.
The hound attacks as you move away! The hound bites you.
The hound stops to sniff the ground.
The rat twitches its whiskers.
The hound misses you. The hound barely misses you.
The hound attacks as you move away! The hound barely misses you.
The orc attacks as you move away! The orc closely misses you.
The hound bites you but does no damage. The orc attacks as you move away!
The orc hits you with a +0 hand axe!
* * * LOW HITPOINT WARNING * * *
The hound attacks as you move away! The hound barely misses you.
The hound attacks as you move away! The hound closely misses you.
The hound bites you.
* * * LOW HITPOINT WARNING * * *
There is a stone staircase leading up here.
The hound barely misses you.
You climb upwards.
Reactivating autopickup.
Found a scroll of magic mapping.
There is a stone staircase leading down here.
You hit the orc but do no damage. You hit the hound.
The hound bites you but does no damage. The orc hits you with a +0 hand axe.
You die...

##....#
#.....#
.....#
#....#
##....#
#.....#
#.o..#
#.h@.#
#....#
#.....#
#.....#
+.....#
#...?.#
#######


You could see a hound and an orc.

Vanquished Creatures
  A hound (D:5)
  A quokka (D:5)
2 creatures vanquished.

Notes
Turn   | Place    | Note
-------+----------+-------------------------------------------
     0 | D:5      | flotson the Demonspawn Delver began the quest for the Orb.
     0 | D:5      | Reached XP level 1. HP: 18/18 MP: 1/1
     2 | D:5      | Noticed a hound
    24 | D:5      | Killed a hound
    25 | D:5      | Reached skill level 1 in Evocations
    25 | D:5      | Discovered your monstrous ancestry.
    25 | D:5      | Gained mutation: Your touch may inflict minor irresistible
                  | damage on your foes. [demonic ancestry]
    25 | D:5      | Reached XP level 2. HP: 11/24 MP: 2/2
    25 | D:5      | Reached XP level 3. HP: 13/29 MP: 3/3
    25 | D:5      | Noticed a black bear
    91 | D:5      | Found a bloodstained altar of Trog.
   129 | D:4      | Slain by an orc

Illustrated notes

Levels and vault maps discovered:
D:4:      layout_gridville, okawaru_trees_2, minmay_manual_mandibuliform
D:5:      cheibrodos_fertilizer, layout_gridville, trog_butcher_becter,
          serial_shops, shop

Skill      XL: |  1 |
---------------+----+-----
Dodging        | 2 |  2.1
Evocations     | 1 |  1.0
Fighting       | |  3.2
Axes           | |  1.7
Armour         | |  0.8
Stealth        | |  4.7

Action                   || total
-------------------------++-------
Melee: Hand axe          ||    10
Evoke: Wand              ||     1
  Use: Potion            ||     1
       Scroll            ||     2
Armor: Leather armour    ||     7
Dodge: Dodged            ||    27

Table legend: (Time is in decaauts)
 A = Elapsed time spent in this place.
 B = Non-inter-level travel time spent in this place.
 C = Inter-level travel time spent in this place.
 D = Time resting spent in this place.
 E = Time spent auto-exploring this place.
 F = Levels seen in this place.
 G = Mean time per level.
                   A        B        C        D        E       F      G
               +--------+--------+--------+--------+--------+-----+--------+
         Total |    114 |    114 |      0 |     49 |      2 |   2 |   57.0 |
       Dungeon |    114 |    114 |      0 |     49 |      2 |   2 |   57.0 |
               +--------+--------+--------+--------+--------+-----+--------+

Top non-repeatable levels by time:
     D:5: 113 daAuts
     D:4: 0 daAuts
